 Dungeon Crawl Stone Soup version 0.29-a0-690-g32ab5fea29 (webtiles) character file.

Game seed: 14640958572147587251

6847 KristoblXynda the Fighter (level 10, -1/91 HPs)
             Began as a Black Draconian Transmuter on June 25, 2022.
             Was an Initiate of Gozag.
             Slain by a troll (9 damage)
             ... on level 9 of the Dungeon.
             The game lasted 00:15:03 (9085 turns).

KristoblXynda the Fighter (DrTm)                    Turns: 9085, Time: 00:15:04

Health: -1/91      AC: 13    Str: 18    XL:     10   Next: 78%
Magic:  13/13      EV: 15    Int: 13    God:    Gozag
Gold:   2619       SH:  0    Dex: 14    Spells: 10/13 levels left

rFire   + + .      SeeInvis .     - Unarmed
rCold   . . .      Faith    .   (no shield)
rNeg    . . .      Spirit   .   (body armour unavailable)
rPois   .          Reflect  .   (helmet restricted)
rElec   +          Harm     .   (no cloak)
rCorr   .          Rampage  .   x - +1 pair of gloves
Will    +....                   (no boots)
Stlth   +.........              g - amulet of regeneration
HPRegen 1.05/turn               A - ring of Asauholl {*Slow rElec rF++ Will+ Str+3}
MPRegen 0.13/turn               d - +4 ring of protection

@: gold aura
A: breathe lightning, AC +7, unfitting armour, electricity resistance,
cold-blooded
a: Breathe Lightning, Renounce Religion, Potion Petition, Call Merchant, Bribe
Branch


You were on level 9 of the Dungeon.
You worshipped Gozag.
Gozag was most pleased with you.
You visited 2 branches of the dungeon, and saw 10 of its levels.
You also visited: Ossuary and Bailey.

You collected 2684 gold pieces.
You paid 65 gold pieces to Gozag.

Inventory:

Missiles
 s - 2 throwing nets
Armour
 x - a +1 pair of gloves (worn)
 B - the -2 pair of boots of the Sheltering Gods {rC- MP+9 Int+4 Dex+4}
   (You found it on level 8 of the Dungeon)

   Int:       It affects your intelligence (+4).
   Dex:       It affects your dexterity (+4).
   rC:        It makes you vulnerable to cold.
   MP:        It affects your magic capacity (+9).
Jewellery
 b - an amulet of reflection
 d - a +4 ring of protection (right hand)
 e - a ring of see invisible
 f - an amulet of the acrobat
 g - an amulet of regeneration (around neck)
 y - the ring "Vuimpa" {Will+ Int+6 Stlth+}
   (You acquired it in a bailey)

   [ring of willpower]

   Int:       It affects your intelligence (+6).
   Will:      It increases your willpower.
   Stlth:     It makes you more stealthy.
 A - the ring of Asauholl (left hand) {*Slow rElec rF++ Will+ Str+3}
   (You found it in a bailey)

   [ring of willpower]

   Str:       It affects your strength (+3).
   rF:        It greatly protects you from fire.
   rElec:     It insulates you from electricity.
   *Slow:     It may slow you when you take damage.
   Will:      It increases your willpower.
Wands
 l - a wand of paralysis (6)
 n - a wand of acid (3)
Scrolls
 h - 2 scrolls of enchant weapon
 j - 2 scrolls of fog
 o - a scroll of identify
 t - a scroll of blinking
 w - a scroll of brand weapon
Potions
 a - 4 potions of brilliance
 i - a potion of curing
 k - 4 potions of flight
 m - 2 potions of mutation
 p - 3 potions of lignification
 q - a potion of attraction
 r - a potion of resistance
 v - a potion of ambrosia
 z - a potion of cancellation


   Skills:
 + Level 9.4 Fighting
 + Level 8.0 Dodging
 + Level 9.0 Unarmed Combat
 - Level 2.0 Spellcasting
 + Level 8.0 Transmutations


You had 10 spell levels left.
You knew the following spells:

 Your Spells              Type           Power      Damage    Failure   Level
a - Beastly Appendage     Tmut           44%        N/A       1%          1
b - Wereblood             Tmut           22%        N/A       1%          2

Your spell library contained the following spells:

 Spells                   Type           Power      Damage    Failure   Level
 Passwall                 Tmut/Erth      9%         N/A       8%          2
 Spider Form              Tmut/Pois      11%        N/A       14%         3
 Ensorcelled Hibernation  Hex/Ice        2%         N/A       36%         2
 Ice Form                 Ice/Tmut       11%        N/A       43%         4
 Ozocubu's Armour         Ice            1%         N/A       58%         3
 Swiftness                Air            1%         N/A       58%         3
 Cause Fear               Hex            0%         N/A       94%         4
 Metabolic Englaciation   Hex/Ice        0%         N/A       100%        5
 Dragon Form              Tmut           11%        N/A       100%        7
 Dragon's Call            Summ           0%         N/A       100%        9
 Simulacrum               Ice/Necr       Unusable   N/A       N/A         6

Dungeon Overview and Level Annotations

Branches:
Dungeon (9/15)             Temple (1/1) D:4             Orc (0/2) D:9
Ossuary (visited)          Bailey (visited)
   Lair: D:8-11

Altars:
Ashenzari
Cheibriados
Dithmenos
Elyvilon
Fedhas
Gozag
Hepliaklqana
Makhleb
Nemelex Xobeh
Okawaru
Qazlal
Ru
Sif Muna
Trog
Uskayaw
Vehumet
Wu Jian
Xom
Yredelemnul
Zin
The Shining One

Annotations:
D:8 Amaemon


Innate Abilities, Weirdness & Mutations

You can breathe wild blasts of lightning.
Your glossy black scales are hard. (AC +7)
You cannot fit into any form of body armour.
You are resistant to electric shocks. (rElec)
You are cold-blooded and may be slowed by cold attacks.


Message History

You hit the troll. Your kick misses the troll.
The troll is lightly wounded.
The troll bites you but does no damage. The troll claws you but does no damage.
The troll misses you.
You closely miss the troll. Your kick misses the troll.
The troll is lightly wounded.
Your primal bloodlust has ended.
The troll bites you!
* * * LOW HITPOINT WARNING * * *
The troll misses you. The troll closely misses you.
You hit the troll.
The troll is moderately wounded.
You barely miss the troll. You claw the troll, but do no damage.
Your tail-slap misses the troll.
You punch the troll!
The troll is heavily wounded.
The troll bites you!
* * * LOW HITPOINT WARNING * * *
The troll closely misses you. The troll misses you.
You feel much better.
The troll is distracted by your dazzling golden aura.
You closely miss the troll.
The troll is no longer distracted by gold.
The troll shouts!
The troll is heavily wounded.
The troll bites you but does no damage. The troll misses you.
The troll closely misses you.
You closely miss the troll. You claw the troll. You tail-slap the troll.
The troll is severely wounded.
The troll bites you!
* * * LOW HITPOINT WARNING * * *
The troll closely misses you. The troll claws you.
* * * LOW HITPOINT WARNING * * *
You hit the troll. Your punch misses the troll.
The troll is severely wounded.
Your horns disappear.
Your talons disappear.
The troll bites you!
* * * LOW HITPOINT WARNING * * *
The troll claws you!
You die...
Your body crumbles into a pile of gold.

#$g## #..# #§# #...## #..# #§#
##..y###..# #§# #..y..#..#
#######°#### .##...y...#
##......°.... ..###...))#
#..)...°..... #. ....####..#
#............ #.
$......##T###.######8#### #.
........@.....# ###
##.#############.### ..... .##
#..### ######.#####...#
#....########
........))...#.###...........####
≈≈≈8....######..##...............
≈≈8≈....'......>##...........####
'.≈≈....#....#.###...........#
#)≈≈....+....................#


You could see a troll.

Vanquished Creatures
  An orc warlord (Bailey)
  An orc knight (Bailey)
  An ugly thing (D:8)
  A kobold demonologist (D:6)
  A hornet (D:9)
  A wyvern (D:9)
  A wraith (D:6)
  A steam dragon (D:7)
  A water moccasin (D:3)
  5 ice beasts
  A black bear (D:6)
  7 orc warriors
  An ogre (D:4)
  3 centaurs
  2 elf zombies (Ossuary)
  2 phantoms (D:6)
  4 kobold brigands
  A gnoll sergeant (D:9)
  A necrophage (D:6)
  3 scorpions
  7 wights
  11 killer bees
  2 centaur zombies (Ossuary)
  2 jellies
  5 orc priests
  2 hounds
  A gnoll shaman (D:8)
  5 iguanas
  7 orc wizards
  2 mummies (Ossuary)
  4 adders
  9 gnolls
  A shadow imp (D:7)
  2 white imps
  2 worms
  2 dart slugs
  35 orcs
  6 endoplasms
  4 giant cockroaches
  7 goblins
  14 hobgoblins
  8 jackals
  2 quokkas
  6 ball pythons
  A bat (D:2)
  7 frilled lizards
  3 goblin zombies (Ossuary)
  9 hobgoblin zombies (Ossuary)
  A jackal zombie (Ossuary)
  22 kobolds
  12 kobold zombies (Ossuary)
  6 orc zombies (Ossuary)
  8 rats
  2 rat zombies (Ossuary)
256 creatures vanquished.

Vanquished Creatures (others)
  An orc (D:4)
1 creature vanquished.

Grand Total: 257 creatures vanquished

Notes
Turn   | Place    | Note
-------+----------+-------------------------------------------
     0 | D:1      | KristoblXynda the Draconian Transmuter began the quest for
                  | the Orb.
     0 | D:1      | Reached XP level 1. HP: 16/16 MP: 3/3
   621 | D:1      | Reached XP level 2. HP: 4/23 MP: 5/5
  1196 | D:1      | Found a faded altar of an unknown god.
  1577 | D:2      | Reached XP level 3. HP: 26/29 MP: 6/6
  1939 | D:2      | Identified the +0 hand axe of Wyrd {drain, Int-2 Dex+4}
  2209 | D:3      | Found a basalt altar of Yredelemnul.
  2219 | D:3      | Found a shimmering blue altar of Sif Muna.
  2311 | D:3      | Noticed a water moccasin
  2327 | D:3      | Killed a water moccasin
  2328 | D:3      | Reached XP level 4. HP: 38/38 MP: 7/7
  2328 | D:3      | Reached XP level 5. HP: 45/45 MP: 8/8
  2991 | D:4      | Noticed an ogre
  3011 | D:4      | Killed an ogre
  3012 | D:4      | Reached XP level 6. HP: 43/52 MP: 9/9
  3183 | D:4      | Found a staircase to the Ecumenical Temple.
  3187 | D:4      | Learned a level 2 spell: Wereblood
  3194 | Temple   | Entered the Ecumenical Temple
  3355 | Temple   | Became a worshipper of Gozag Ym Sagoz the Greedy
  4351 | D:5      | Entered Level 5 of the Dungeon
  4383 | D:5      | Noticed an ice beast
  4406 | D:5      | Killed an ice beast
  4407 | D:5      | Reached skill level 5 in Unarmed Combat
  4407 | D:5      | Your scales start taking on a glossy black colour.
  4407 | D:5      | Reached XP level 7. HP: 34/60 MP: 10/10
  4407 | D:5      | Gained mutation: You are resistant to electric shocks.
                  | (rElec) [Black Draconian growth]
  4985 | D:6      | Reached skill level 5 in Fighting
  5033 | D:6      | Found a sand-covered staircase.
  5043 | Ossuary  | Entered an ossuary
  5236 | Ossuary  | Reached XP level 8. HP: 68/68 MP: 11/11
  5305 | Ossuary  | Reached skill level 5 in Dodging
  5909 | D:6      | Reached skill level 5 in Transmutations
  6533 | D:6      | Reached XP level 9. HP: 57/78 MP: 12/12
  6551 | D:6      | Noticed a kobold demonologist
  6568 | D:6      | Killed a kobold demonologist
  6823 | D:7      | Found a broken altar of Ashenzari.
  6940 | D:7      | Found a flagged portal.
  7005 | Bailey   | Entered a bailey
  7010 | Bailey   | Noticed an orc warlord
  7114 | Bailey   | Noticed an orc knight
  7127 | Bailey   | Killed an orc knight
  7216 | Bailey   | Found a runed translucent gate.
  7218 | Bailey   | Found a runed translucent gate.
  7220 | Bailey   | Found a runed translucent gate.
  7243 | Bailey   | Acquired the ring "Vuimpa" {Will+ Int+6 Stlth+}
  7269 | Bailey   | Killed an orc warlord
  7270 | Bailey   | Reached XP level 10. HP: 84/88 MP: 13/13
  7283 | Bailey   | Identified the +1 hand axe "Esenerr" {drain, Int+3}
  7292 | Bailey   | Identified the ring of Asauholl {*Slow rElec rF++ Will+
                  | Str+3}
  7515 | D:7      | Found a white marble altar of Elyvilon.
  7565 | D:7      | Acquired 809 gold pieces
  7844 | D:7      | Found a stormy altar of Qazlal.
  7969 | D:8      | Identified the -2 pair of boots of the Sheltering Gods {rC-
                  | MP+9 Int+4 Dex+4}
  8080 | D:8      | Noticed a brown ugly thing
  8103 | D:8      | HP: 3/90 [acid (8)]
  8107 | D:8      | Killed a brown ugly thing
  8452 | D:8      | Noticed Amaemon
  8453 | D:8      | Noticed an orange demon
  8742 | D:9      | Found a staircase to the Orcish Mines.
  9085 | D:9      | Slain by a troll

Illustrated notes

Levels and vault maps discovered:
D:1:      dpeg_arrival_long_road, layout_basic, shapermc_ecumenical_altar_petra
D:2:      layout_loops_ring
D:3:      layout_loops_cross, mainiacjoe_overflow_catch_the_wave,
          corner_web_ring
D:4:      layout_cave_pods, minmay_temple_entry_glassed_door
D:5:      layout_basic
D:6:      minmay_cornered_nines, layout_cave_pods, enter_ossuary_1
D:7:      layout_basic, nicolae_qazlal_eye_of_the_storm, kennysheep_mini,
          overflow_temple_1_default, enter_bailey_6
D:8:      layout_gridville, uniq_joseph, uniq_grum, uniq_pikel, uniq_amaemon
D:9:      minmay_quarter_circles, layout_basic, erik_orc_2,
          lemuel_flamethrower_1
Temple:   regret_index_temple_sphere_string

Skill      XL: |  1  2  3  4  5  6  7  8  9 10 |
---------------+-------------------------------+-----
Dodging        | 2 3 4 5 7 8 |  8.0
Fighting       | 2 3 4 5 6 8 9 |  9.4
Unarmed Combat | 4 5 6 8 9 |  9.0
Transmutations | 3 5 6 8 |  8.0
Spellcasting   | |  2.0

Action                   |  1- 3 |  4- 6 |  7- 9 | 10-12 || total
-------------------------+-------+-------+-------+-------++-------
Melee: Unarmed           |   182 |   206 |   479 |   252 ||  1119
       Tailslap          |    17 |    28 |    89 |    34 ||   168
       Punch             |     8 |     8 |    33 |    17 ||    66
       Kick              |       |     5 |    35 |    30 ||    70
       Headbutt          |       |     1 |    26 |    12 ||    39
 Cast: Beastly Appendage |       |     1 |    10 |     4 ||    15
       Wereblood         |       |       |     2 |     4 ||     6
Evoke: Wand              |     2 |     1 |     8 |     1 ||    12
  Use: Potion            |     2 |       |     1 |     6 ||     9
       Scroll            |     1 |     6 |    14 |     6 ||    27
 Stab: Sleeping          |     6 |     2 |       |       ||     8
       Paralysed         |     8 |    10 |       |       ||    18
       Confused          |       |     1 |       |       ||     1
       Distracted        |       |       |     3 |     1 ||     4
Armor: Skin              |    59 |    60 |   156 |   109 ||   384
Dodge: Dodged            |   101 |   125 |   285 |   266 ||   777

Table legend: (Time is in decaauts)
 A = Elapsed time spent in this place.
 B = Non-inter-level travel time spent in this place.
 C = Inter-level travel time spent in this place.
 D = Time resting spent in this place.
 E = Time spent auto-exploring this place.
 F = Levels seen in this place.
 G = Mean time per level.
                   A        B        C        D        E       F      G
               +--------+--------+--------+--------+--------+-----+--------+
         Total |   9000 |   8601 |    399 |   1533 |   4705 |  12 |  750.0 |
       Dungeon |   8191 |   7827 |    364 |   1500 |   4467 |   9 |  910.1 |
        Temple |    183 |    148 |     35 |      0 |    133 |   1 |  183.0 |
       Ossuary |    332 |    332 |      0 |      2 |    105 |   1 |  332.0 |
        Bailey |    293 |    293 |      0 |     31 |      0 |   1 |  293.0 |
               +--------+--------+--------+--------+--------+-----+--------+

Top non-repeatable levels by time:
     D:6: 1495 daAuts
     D:1: 1283 daAuts
     D:4: 1182 daAuts
     D:3: 988 daAuts
     D:7: 814 daAuts
     D:2: 684 daAuts
     D:5: 604 daAuts
     D:9: 595 daAuts
     D:8: 542 daAuts
 Ossuary: 332 daAuts
  Bailey: 293 daAuts
  Temple: 183 daAuts
